 Dungeon Crawl Stone Soup version 0.27.0-1-g7a089689b8 (webtiles) character file.

Game seed: 5835861055620278385

137 nicksoapdish the Digger (level 5, -2/31 HPs)
             Began as an Octopode Earth Elementalist on Aug 4, 2021.
             Slain by a gnoll sergeant (16 damage)
             ... on level 3 of the Dungeon.
             The game lasted 00:09:11 (3282 turns).

nicksoapdish the Digger (OpEE)                      Turns: 3282, Time: 00:09:12

Health: -2/31      AC:  1    Str:  7    XL:     5   Next: 20%
Magic:  0/9        EV: 13    Int: 19    God:
Gold:   80         SH:  0    Dex: 12    Spells: 4/10 levels left

rFire    . . .     SeeInvis .   m - +0 mace (protect)
rCold    . . .     Faith    .   (no shield)
rNeg     . . .     Spirit   .   (helmet restricted)
rPois    .         Reflect  .   (no amulet)
rElec    .         Harm     .   (no ring)
rCorr    .         Rampage  .   (no ring)
Will     .....                  (no ring)
Stlth    +++.......             (no ring)
HPRegen  0.10/turn              (no ring)
MPRegen  0.11/turn              (no ring)
                                (no ring)
                                (no ring)

@: very slightly contaminated
A: almost no armour, amphibious, 8 rings, camouflage 1, gelatinous body 1,
(nimble swimmer 1), tentacles
a: no special abilities


You were on level 3 of the Dungeon.
You visited 1 branch of the dungeon, and saw 3 of its levels.

You collected 80 gold pieces.

Inventory:

Hand Weapons
 m - a +0 mace of protection (weapon)
Missiles
 b - 103 stones
 l - a throwing net
Scrolls
 a - 2 scrolls of fog
 d - a scroll of noise {unknown}
 e - a scroll of teleportation
 f - a scroll of enchant weapon
Potions
 c - 2 potions of resistance {unknown}
 g - a potion of might {unknown}
 h - a potion of invisibility {unknown}
 i - a potion of attraction {unknown}
 j - a potion of lignification {unknown}
 k - a potion of mutation {unknown}


   Skills:
 - Level 2.0 Dodging
 * Level 3.8 Stealth
 + Level 3.0 Spellcasting
 + Level 1.0 Transmutations
 + Level 4.7 Earth Magic


You had 4 spell levels left.
You knew the following spells:

 Your Spells              Type           Power      Damage    Failure   Level
a - Sandblast             Erth           40%        2d10      2%          1
b - Passwall              Tmut/Erth      10%        N/A       7%          2
c - Stone Arrow           Conj/Erth      22%        3d8       17%         3

Your spell library contained the following spells:

 Spells                   Type           Power      Damage    Failure   Level
 Ozocubu's Armour         Ice            2%         N/A       41%         3
 Petrify                  Tmut/Erth      13%        N/A       43%         4
 Metabolic Englaciation   Hex/Ice        1%         N/A       99%         5
 Simulacrum               Ice/Necr       1%         N/A       100%        6


Dungeon Overview and Level Annotations

Branches:
Dungeon (3/15)

Altars:


Innate Abilities, Weirdness & Mutations

You cannot wear most types of armour.
You are amphibious.
You can wear up to eight rings at the same time.
Your skin changes colour to match your surroundings (Stealth+).
Your rubbery body absorbs attacks. (AC +1, EV +1)
((You are camouflaged near water. (Stealth+)))
You have tentacles for arms and can constrict up to eight enemies at once.


Message History

The gnoll sergeant hits you from afar with a +1 trident of protection!
You climb upwards.
There is a stone staircase leading down here.
You start resting.
Magic restored.
You start resting.
HP restored.
You climb downwards.
There is a stone staircase leading up, spattered with blood here.
Casting: Stone Arrow (quite dangerous; 17% risk of failure)
Confirm with . or Enter, or press ? or * to list all spells.
The spell is quite dangerous to cast (17% risk of failure)!
Continue anyway?
Aiming: Stone Arrow (quite dangerous; 17% risk of failure)
Press: ? - help, Shift-Dir - straight line, f - gnoll sergeant
Aim: a gnoll sergeant, wielding a +1 trident of protection and wearing a +0 scale mail (77% to hit)
You miscast Stone Arrow.
You are very lightly contaminated with residual magic.
Nothing appears to happen.
The gnoll sergeant hits you from afar with a +1 trident of protection!
Casting: Stone Arrow (quite dangerous; 17% risk of failure)
Confirm with . or Enter, or press ? or * to list all spells.
The spell is quite dangerous to cast (17% risk of failure)!
Continue anyway?
Aiming: Stone Arrow (quite dangerous; 17% risk of failure)
Press: ? - help, Shift-Dir - straight line, f/p - gnoll sergeant
Aim: a gnoll sergeant, wielding a +1 trident of protection and wearing a +0 scale mail (77% to hit)
The stone arrow hits the gnoll sergeant.
The gnoll sergeant is lightly wounded.
The gnoll sergeant hits you from afar with a +1 trident of protection.
Casting: Stone Arrow (quite dangerous; 17% risk of failure)
Confirm with . or Enter, or press ? or * to list all spells.
The spell is quite dangerous to cast (17% risk of failure)!
Continue anyway?
Aiming: Stone Arrow (quite dangerous; 17% risk of failure)
Press: ? - help, Shift-Dir - straight line, f/p - gnoll sergeant
Aim: a gnoll sergeant, wielding a +1 trident of protection and wearing a +0 scale mail (lightly wounded, 77% to hit)
The stone arrow hits the gnoll sergeant.
The gnoll sergeant is moderately wounded.
The gnoll sergeant closely misses you.
The gnoll sergeant hits you from afar with a +1 trident of protection!
Ouch! That really hurt!
You die...

#.###....###############.###.
.....................(.......
..####.#.##################..
#.#.........# ####.#
g.#.).......# #....#
.gg#.........### #.####
###.##...g....... #.#### ..
####.###.... #.##.. .. #@#
≈.. #.##.# ### #.##.# #....#
#####. #. #. ##


You could see a gnoll sergeant.

Vanquished Creatures
  An iguana (D:2)
  3 gnolls (D:3)
  An adder (D:2)
  A worm (D:2)
  4 dart slugs
  An orc (D:3)
  11 ball pythons
  5 endoplasms
  5 giant cockroaches (D:1)
  2 goblins
  6 hobgoblins
  5 jackals (D:2)
  2 kobolds
  2 quokkas
  2 bats (D:1)
  A frilled lizard (D:2)
  6 rats
58 creatures vanquished.

Vanquished Creatures (others)
  6 withered plants (D:1)
6 creatures vanquished.

Grand Total: 64 creatures vanquished

Notes
Turn   | Place    | Note
-------+----------+-------------------------------------------
     0 | D:1      | nicksoapdish the Octopode Earth Elementalist began the
                  | quest for the Orb.
     0 | D:1      | Reached XP level 1. HP: 11/11 MP: 3/3
   125 | D:1      | Reached XP level 2. HP: 15/17 MP: 0/5
   186 | D:1      | Learned a level 2 spell: Passwall
   553 | D:1      | Reached XP level 3. HP: 19/21 MP: 1/6
   908 | D:1      | Learned a level 3 spell: Stone Arrow
  1020 | D:1      | Found a faded altar of an unknown god.
  1181 | D:1      | Reached skill level 4 in Earth Magic
  1812 | D:2      | Reached XP level 4. HP: 14/27 MP: 0/7
  2928 | D:3      | Noticed a gnoll sergeant
  2929 | D:3      | Reached XP level 5. HP: 31/31 MP: 5/9
  3282 | D:3      | Slain by a gnoll sergeant

Illustrated notes

Levels and vault maps discovered:
D:1:      dpeg_arrival_prison, layout_loops_ring,
          shapermc_ecumenical_altar_flowoftime, minmay_indecisive_spiral
D:2:      layout_rooms
D:3:      layout_basic, kennysheep_slug_shrine

Skill      XL: |  1  2  3  4  5 |
---------------+----------------+-----
Stealth        | 3 |  3.8
Earth Magic    | 4 |  4.7
Spellcasting   | 3 |  3.0
Dodging        | |  2.0
Transmutations | |  1.0

Action                   |  1- 3 |  4- 6 || total
-------------------------+-------+-------++-------
Melee: Unarmed           |    45 |    11 ||    56
       Constrict         |    12 |     3 ||    15
       Tentacles         |    13 |       ||    13
 Cast: Sandblast         |    58 |    20 ||    78
       Stone Arrow       |       |    12 ||    12
  Use: Scroll            |     2 |     1 ||     3
Armor: Skin              |     6 |     2 ||     8
Dodge: Dodged            |    21 |    12 ||    33
